 Dungeon Crawl Stone Soup version 0.22.1-1-ga44c0e5 (webtiles) character file.

132 rabbit the Chopper (level 4, -2/41 HPs)
             Began as a Minotaur Berserker on Oct 9, 2018.
             Was a Believer of Trog.
             Slain by a kobold (3 damage)
             ... on level 2 of the Dungeon on Oct 10, 2018.
             The game lasted 00:07:39 (2225 turns).

rabbit the Chopper (Minotaur Berserker)             Turns: 2225, Time: 00:07:39

Health: -2/41      AC:  3    Str: 23    XL:     4   Next: 92%
Magic:  3/3        EV: 12    Int:  4    God:    Trog [**....]
Gold:   84         SH:  3    Dex:  9    Spells: 3/3 levels left

rFire    . . .     SeeInvis .   a - +0 hand axe
rCold    . . .     Gourm    .   (no shield)
rNeg     . . .     Faith    .   b - +1 animal skin
rPois    .         Spirit   .   (helmet restricted)
rElec    .         Reflect  +   (no cloak)
rCorr    .         Harm     .   (no gloves)
MR       .....                  (no boots)
Stlth    +.........             r - +3 amulet of reflection
HPRegen  0.13/turn              (no ring)
MPRegen  0.08/turn              (no ring)

@: no status effects
A: retaliatory headbutt, horns 2
a: Berserk, Trog's Hand, Renounce Religion


You were on level 2 of the Dungeon.
You worshipped Trog.
Trog was pleased with you.
You were very hungry.

You visited 1 branch of the dungeon, and saw 3 of its levels.

You collected 84 gold pieces.

Inventory:

Hand Weapons
 a - a +0 hand axe (weapon)
Armour
 b - a +1 animal skin (worn)
Jewellery
 r - a +3 amulet of reflection (around neck)
 v - an uncursed amulet of regeneration {unknown}
Scrolls
 f - a scroll of identify
 g - a scroll of amnesia
 h - a scroll of teleportation
 k - 3 scrolls of noise
Potions
 d - 2 potions of agility {unknown}
 e - a potion of heal wounds {unknown}
 i - a potion of invisibility {unknown}
 j - 2 potions of mutation {unknown}
 l - a potion of curing {unknown}
 m - a potion of might {unknown}
 p - 2 potions of experience {unknown}
 q - a potion of haste {unknown}
 s - 2 potions of magic {unknown}
 w - a potion of flight {unknown}
Comestibles
 c - 5 rations


   Skills:
 + Level 4.7 Fighting
 + Level 5.2 Axes
 + Level 3.1 Armour
 + Level 2.9 Dodging
 + Level 0.4 Stealth


You had 3 spell levels left.
You didn't know any spells.
Your spell library was empty.

Dungeon Overview and Level Annotations

Branches:
Dungeon (3/15)

Altars:


Innate Abilities, Weirdness & Mutations

You reflexively headbutt those who attack you in melee.
You have a pair of horns on your head.


Message History

The kobold hits you but does no damage.
You barely miss the kobold. Your headbutt misses the kobold.
You closely miss the adder. The adder closely misses you.
You block the kobold's attack. The adder bites you.
* * * LOW HITPOINT WARNING * * *
You miss the adder.
The adder is heavily wounded.
You hit the kobold. The adder bites you but does no damage.
The kobold hits you but does no damage.
You barely miss the adder.
The adder is heavily wounded.
You hit the kobold. The adder bites you.
* * * LOW HITPOINT WARNING * * *
The kobold hits you.
* * * LOW HITPOINT WARNING * * *
The adder closely misses you.
You barely miss the adder. Your headbutt misses the adder.
The adder is heavily wounded.
You hit the kobold. The adder misses you. The kobold hits you.
You die...

........# #..#...........# #.#
#############.#..#############.#
..............#..# #........#
#############.#..# #.########
#....# #.# #....# #.# #....# #.#
#.#..######.# #.#K@S....#.#
#.#.#####.#.# #.#.....#.#.#
#.#####.#.#.# #)......#.#.#
#########...# #####


You could see an adder and a kobold.

Vanquished Creatures
  5 gnolls
  A worm (D:2)
  3 dart slugs
  4 orcs (D:3)
  3 giant cockroaches
  4 goblins
  10 hobgoblins
  12 jackals
  8 kobolds
  7 bats (D:1)
  4 frilled lizards
  4 rats
65 creatures vanquished.

Vanquished Creatures (others)
  A dart slug (D:3)
1 creature vanquished.

Grand Total: 66 creatures vanquished

Notes
Turn   | Place    | Note
-------+----------+-------------------------------------------
     0 | D:1      | rabbit the Minotaur Berserker began the quest for the Orb.
     0 | D:1      | Reached XP level 1. HP: 19/19 MP: 0/0
   163 | D:1      | Reached XP level 2. HP: 27/27 MP: 1/1
   207 | D:1      | Reached skill level 4 in Axes
   468 | D:1      | Reached XP level 3. HP: 30/33 MP: 2/2
   837 | D:1      | Reached ** piety under Trog
  1465 | D:2      | Reached XP level 4. HP: 35/41 MP: 3/3
  1910 | D:3      | Reached skill level 5 in Axes
  2224 | D:2      | HP: 2/41 [adder (3)]
  2225 | D:2      | Slain by a kobold

Skill      XL: |  1  2  3  4 |
---------------+-------------+-----
Fighting       | 4 |  4.7
Axes           | 4 5 |  5.2
Armour         | 3 |  3.1
Dodging        | |  2.9
Stealth        | |  0.4

Action                   |  1- 3 |  4- 6 || total
-------------------------+-------+-------++-------
Melee: Hand axe          |    69 |    42 ||   111
       Headbutt          |    13 |     6 ||    19
  Use: Scroll            |       |     6 ||     6
  Eat: Chunk             |     1 |     2 ||     3
Armor: Animal skin       |    16 |    11 ||    27
Dodge: Dodged            |    65 |    40 ||   105
Block: Other             |       |     6 ||     6
